 Dungeon Crawl Stone Soup version 0.27-a0-1273-gec92ba881d (webtiles) character file.

Game seed: 17198665994081035537

183 avis the Chopper (level 5, 0/70 HPs)
             Began as a Hill Orc Monk on June 11, 2021.
             Slain by an acid dragon (7 damage)
             ... on level 4 of the Dungeon.
             The game lasted 00:16:49 (4661 turns).

avis the Chopper (Hill Orc Monk)                    Turns: 4661, Time: 00:16:50

Health: 0/70       AC: 18    Str: 15    XL:     5   Next: 62%
Magic:  5/5        EV:  2    Int: 10    God:
Gold:   32         SH:  0    Dex: 13    Spells: 4/4 levels left

rFire    . . .     SeeInvis .   a - +0 war axe
rCold    . . .     Faith    .   (no shield)
rNeg     + + +     Spirit   .   (armour currently unavailable)
rPois    +         Reflect  .   (helmet currently unavailable)
rElec    .         Harm     .   (cloak currently unavailable)
rCorr    .         Rampage  .   (gloves currently unavailable)
Will     .....     NoTele   +   (boots currently unavailable)
Stlth    +.........             n - amulet of the acrobat
HPRegen  0.21/turn              (no ring)
MPRegen  0.09/turn              (no ring)

@: confused, tree-form, corroded
A: stationary, stasis, torment immunity, boosted hp
a: no special abilities


You were on level 4 of the Dungeon.
You were a tree.
You visited 1 branch of the dungeon, and saw 4 of its levels.

You collected 175 gold pieces.
You spent 143 gold pieces at shops.

Inventory:

Hand Weapons
 a - a +0 war axe (weapon)
 b - a +0 hunting sling
 c - a +0 hand axe
 m - a +0 flail
 s - a +3 dagger
 x - a +2 dagger of protection
Missiles
 e - 112 stones (quivered)
 h - 43 arrows
 i - 24 poisoned darts
 A - 2 boomerangs
Armour
 q - a +0 ring mail
 y - a +0 scale mail (melded)
Jewellery
 n - an amulet of the acrobat (around neck)
 w - a ring of wizardry
Scrolls
 f - a scroll of magic mapping {unknown}
 g - 4 scrolls of identify {unknown}
 j - a scroll of enchant weapon {unknown}
 p - a scroll of torment {unknown}
 t - a scroll of enchant armour {unknown}
 u - a scroll of teleportation {unknown}
 z - a scroll of immolation {unknown}
Potions
 d - 2 potions of flight
 k - 2 potions of might
 l - a potion of heal wounds {unknown}
 r - a potion of haste {unknown}
 v - a potion of brilliance {unknown}


   Skills:
 + Level 4.8 Fighting
 * Level 6.4 Axes
 + Level 2.5 Armour
 - Level 2.4 Dodging
 - Level 1.5 Stealth


You had 4 spell levels left.
You didn't know any spells.
Your spell library was empty.

Dungeon Overview and Level Annotations

Branches:
Dungeon (4/15)
 Temple: D:4-7

Altars:

Shops:
D:2 !


Message History

You cannot move. (Use ctrl+direction or * direction to attack without moving.)
You cannot move. (Use ctrl+direction or * direction to attack without moving.)
You cannot move. (Use ctrl+direction or * direction to attack without moving.)
You cannot move. (Use ctrl+direction or * direction to attack without moving.)
There are monsters nearby!
There are monsters nearby!
There are monsters nearby!
There are monsters nearby!
You barely miss the acid dragon. You barely miss the orc wizard.
The acid dragon bites you but does no damage.
The acid dragon claws you but does no damage.
The orc wizard completely misses you.
You barely miss the orc wizard.
The orc wizard is heavily wounded.
You miss the acid dragon. The acid dragon bites you.
* * * LOW HITPOINT WARNING * * *
The acid dragon claws you but does no damage.
The orc wizard hits you but does no damage.
An orc comes into view. It is wielding a +0 dagger.
The orc hits you but does no damage.
You hit the acid dragon but do no damage.
You hit the orc but do no damage. You hit the orc wizard.
You feel less confused. The acid dragon bites you.
* * * LOW HITPOINT WARNING * * *
The acid dragon claws you but does no damage.
The orc wizard gestures at you while chanting.
The magic dart hits you but does no damage.
The orc hits you with a +0 mace.
* * * LOW HITPOINT WARNING * * *
The acid dragon bites you!
* * * LOW HITPOINT WARNING * * *
The acid dragon claws you but does no damage.
You barely miss the orc wizard.
The orc wizard is almost dead.
You closely miss the orc. You closely miss the acid dragon.
The orc wizard gestures at you while chanting.
You are confused.
The orc hits you but does no damage. The acid dragon bites you!
You die...

#. # ###.### (. ..#
#... #( #.# #..# #.
#.# #..## #...###(
#.#..####..## #...
..Z #.#..........
#..#
#o#####.##.####..##
#..#
##oD..............##
#..#
#.o♣.............##.
#..#
##.#####.#######....
#..##########.#
#.##.
#.............#
#.###
#.#############
##.### #.# #.....
#.# #.#### #.# #.# #
#.# #.####


You could see an acid dragon, an orc wizard, 2 orcs and a centaur skeleton.

Vanquished Creatures
  A howler monkey (D:4)
  An orc wizard (D:4)
  2 adders
  An adder zombie (D:4)
  A worm (D:2)
  3 dart slugs
  5 orcs
  4 ball pythons
  5 bats
  7 endoplasms
  4 giant cockroaches
  14 goblins
  7 hobgoblins
  6 jackals
  4 kobolds
  2 quokkas
  4 frilled lizards
  5 rats
76 creatures vanquished.

Notes
Turn   | Place    | Note
-------+----------+-------------------------------------------
     0 | D:1      | avis the Hill Orc Monk began the quest for the Orb.
     0 | D:1      | Reached XP level 1. HP: 19/19 MP: 1/1
   253 | D:1      | Reached XP level 2. HP: 25/27 MP: 2/2
   535 | D:1      | Reached skill level 1 in Armour
   728 | D:1      | Reached XP level 3. HP: 33/33 MP: 3/3
  1145 | D:2      | Found Lyreev's Distillery.
  1589 | D:2      | Bought a potion of curing for 33 gold pieces
  1589 | D:2      | Bought a potion of might for 44 gold pieces
  1634 | D:2      | Reached skill level 5 in Axes
  1697 | D:2      | You fall into a shaft and drop 2 floors!
  2291 | D:2      | Reached XP level 4. HP: 40/40 MP: 4/4
  2842 | D:2      | Bought a potion of lignification for 33 gold pieces
  3900 | D:4      | Reached skill level 6 in Axes
  3900 | D:4      | Reached XP level 5. HP: 33/47 MP: 5/5
  3958 | D:2      | Bought a potion of flight for 33 gold pieces
  4649 | D:4      | Noticed an acid dragon
  4661 | D:4      | Slain by an acid dragon

Illustrated notes

Levels and vault maps discovered:
D:1:      tarquinn_simple_flora_water_f, layout_basic
D:2:      layout_rooms, serial_shops, shop, minmay_pentomino_q4
D:3:      layout_basic
D:4:      layout_loops_ring, kennysheep_mini, kennysheep_another_room,
          minmay_ogre_servants

Skill      XL: |  1  2  3  4 |
---------------+-------------+-----
Armour         | 1 2 |  2.5
Fighting       | 4 |  4.8
Axes           | 5 6 |  6.4
Dodging        | |  2.4
Stealth        | |  1.5

Action                   |  1- 3 |  4- 6 || total
-------------------------+-------+-------++-------
Melee: Dagger            |   122 |   180 ||   302
       Hand axe          |     5 |       ||     5
       War axe           |       |    17 ||    17
 Fire: Hunting sling     |     3 |     6 ||     9
  Use: Potion            |       |     2 ||     2
 Stab: Sleeping          |     5 |       ||     5
       Distracted        |     1 |       ||     1
Armor: Robe              |    29 |     4 ||    33
       Ring mail         |       |    47 ||    47
       Skin              |       |    11 ||    11
       Scale mail        |       |     9 ||     9
Dodge: Dodged            |    93 |   104 ||   197

Table legend: (Time is in decaauts)
 A = Elapsed time spent in this place.
 B = Non-inter-level travel time spent in this place.
 C = Inter-level travel time spent in this place.
 D = Time resting spent in this place.
 E = Time spent auto-exploring this place.
 F = Levels seen in this place.
 G = Mean time per level.
                   A        B        C        D        E       F      G
               +--------+--------+--------+--------+--------+-----+--------+
         Total |   4673 |   4223 |    450 |   1627 |   1554 |   4 | 1168.2 |
       Dungeon |   4673 |   4223 |    450 |   1627 |   1554 |   4 | 1168.2 |
               +--------+--------+--------+--------+--------+-----+--------+

Top non-repeatable levels by time:
     D:1: 1786 daAuts
     D:3: 1365 daAuts
     D:2: 1093 daAuts
     D:4: 427 daAuts
